 Dungeon Crawl Stone Soup version 0.28-a0-447-g1f95980246 (webtiles) character file.

Game seed: 3105757196300414518

2520 wakim the Spear-Bearer (level 9, -10/69 HPs)
             Began as a Merfolk Gladiator on Sept 12, 2021.
             Was a Believer of Nemelex Xobeh.
             Killed from afar by a smoke demon (18 damage)
             ... with a ball of steam
             ... on level 1 of the Abyss.
             The game lasted 00:34:35 (9612 turns).

wakim the Spear-Bearer (Merfolk Gladiator)          Turns: 9612, Time: 00:34:35

Health: -10/69     AC:  9    Str: 17    XL:     9   Next: 54%
Magic:  11/11      EV: 11    Int:  8    God:    Nemelex Xobeh [**....]
Gold:   141        SH:  8    Dex: 21    Spells: 8/8 levels left

rFire   . . .      SeeInvis .   a - +1 trident
rCold   + . .      Faith    .   e - +2 buckler
rNeg    . . .      Spirit   .   o - +1 scale mail {rC+}
rPois   .          Reflect  .   c - +1 helmet
rElec   .          Harm     .   (no cloak)
rCorr   .          Rampage  .   (no gloves)
Will    +....                   (no boots)
Stlth   +.........              (no amulet)
HPRegen 0.00/turn               g - ring of willpower
MPRegen 0.12/turn               p - +6 ring of dexterity

@: about to teleport, badly diseased
A: (nimble swimmer 2), mertail
a: Renounce Religion, Draw Escape, Draw Destruction, Draw Summoning


You were on level 1 of the Abyss.
You worshipped Nemelex Xobeh.
Nemelex Xobeh was pleased with you.
You visited 2 branches of the dungeon, and saw 8 of its levels.
You visited the Abyss 1 time.
You also visited: Sewer.

You collected 357 gold pieces.
You spent 216 gold pieces at shops.

Inventory:

Hand Weapons
 a - a +1 trident (weapon)
Missiles
 h - 61 poisoned darts (quivered)
 t - 3 throwing nets {=f!f}
Armour
 c - a +1 helmet (worn)
 e - a +2 buckler (worn)
 m - the +1 scale mail of Zucveoti {Harm rElec}
   (You bought it in a shop on level 1 of the Dungeon)

   rElec:     It insulates you from electricity.
   Harm:      It increases damage dealt and taken.
 o - a +1 scale mail of cold resistance (worn)
Jewellery
 b - a ring of fire
 g - a ring of willpower (left hand)
 j - a ring of positive energy
 p - a +6 ring of dexterity (right hand)
 s - a ring of protection from fire
Wands
 u - a wand of mindburst (7)
 v - a wand of flame (11)
Scrolls
 n - 2 scrolls of enchant armour
 r - a scroll of identify
 w - a scroll of brand weapon {unknown}
 R - a scroll of magic mapping {!r}
Potions
 d - 2 potions of invisibility {unknown}
 f - a potion of ambrosia {unknown}
 i - a potion of might {unknown}
 k - a potion of mutation {unknown}
 q - a potion of lignification {unknown}
 B - a potion of attraction {!q}
 D - a potion of brilliance
 F - 2 potions of curing
 H - a potion of haste
Miscellaneous
 l - a condenser vane


   Skills:
 - Level 6.0 Fighting
 * Level 13.6 Polearms
 + Level 3.3 Throwing
 - Level 4.0 Dodging
 + Level 3.0 Stealth
 - Level 4.0 Shields
 + Level 2.8 Invocations


You had 8 spell levels left.
You didn't know any spells.
Your spell library contained the following spells:

 Spells                   Type           Power      Damage    Failure   Level
 Animate Skeleton         Necr           0%         N/A       85%         1
 Pain                     Necr           0%         1d4       85%         1
 Corpse Rot               Necr/Air       N/A        N/A       94%         2
 Poisonous Vapours        Pois/Air       0%         N/A       94%         2
 Dazzling Flash           Conj/Hex       0%         N/A       99%         3
 Vampiric Draining        Necr           0%         2d6       99%         3
 Cause Fear               Hex            0%         N/A       100%        4
 Iskenderun's Mystic Bla  Conj/Tloc      0%         2d3       100%        4
 Starburst                Conj/Fire      0%         6d3       100%        6
 Dragon Form              Tmut           0%         N/A       100%        7
 Dragon's Call            Summ           0%         N/A       100%        9


Dungeon Overview and Level Annotations

Branches:
Dungeon (7/15)             Temple (1/1) D:6           Sewer (visited)

Altars:
Cheibriados
Elyvilon
Fedhas
Makhleb
Nemelex Xobeh
Qazlal
Sif Muna
Uskayaw
Vehumet
Wu Jian
Xom
The Shining One
Lugonu

Shops:
D:1 [[[


Innate Abilities, Weirdness & Mutations

((You are quick and stealthy near water. (Stealth+, EV+, Speed+++)))
Your lower body shifts to a powerful aquatic tail in water.


Message History

The naga warrior skeleton is almost destroyed.
You puncture the naga warrior skeleton!
You destroy the naga warrior skeleton!
Your Stealth skill increases to level 3!
No target in view!
You now have 141 gold pieces (gained 6).
An ancient zyme comes into view.
You feel yourself growing ill in the presence of the ancient zyme.
A large abomination comes into view.
A smoke demon comes into view.
The smoke demon gestures at you. Something smites you!
Unknown command.
You feel ill.
As you read the scroll of teleportation, it crumbles to dust.
You feel strangely unstable.
You feel the power of the Abyss delaying your translocation!
Unknown command.
You feel ill. The ancient zyme hits you! You block the ancient zyme's attack.
The smoke demon gestures at you. The ball of steam hits you!
* * * LOW HITPOINT WARNING * * *
Unknown command.
A neqoxec comes into view.
You feel ill.
Unknown command.
You feel ill. The ancient zyme hits you!
* * * LOW HITPOINT WARNING * * *
The ancient zyme hits you.
* * * LOW HITPOINT WARNING * * *
Unknown command.
Unknown command.
Your legs become a tail as you enter the water.
Unknown command.
You feel ill. The smoke demon gestures at you. The ball of steam hits you!!
You die...
Your body glows slightly and disappears.

.. ## ####.#.#.#+
#.# ###..###.##..
... # ......#. ...
..# # # . #...
#....### . . ## #.#
#..###### . # .
###.###..##..####.
# .
#..§3........#§§..
..
##@§x.§.......#§#..
.. . #
.+............#....
.
#.####..###..#.#.#
≈≈≈
≈####.#..###§.##.##
. ≈ ≈ §#..#.....# .
.#...# ≈ #. #.
.#....##.. §.# ≈ #
. . . '....#.....
#. . # . ##. #.
....##.. . .# ..###
. ##


You could see an ancient zyme and a smoke demon.

Vanquished Creatures
  Sigmund (D:3)
  Eustachio (D:5)
  The ghost of wineyard the Firebug, an amateur DECA of Ignis (D:4)
  Duvessa (D:6)
  A naga skeleton (Abyss:1)
  2 orc warriors
  An ice beast (D:5)
  The ghost of TreWolfie the Skirmisher, an amateur DrFi (D:3)
  2 centaurs
  A phantom (D:6)
  2 bullfrogs (Sewer)
  A scorpion (D:4)
  Dowan (D:6)
  A bullfrog zombie (D:5)
  A bullfrog skeleton (D:6)
  A centaur zombie (D:6)
  5 hounds
  A centaur skeleton (D:5)
  5 orc priests
  4 iguanas
  9 orc wizards
  A killer bee zombie (D:6)
  2 hound skeletons
  A howler monkey skeleton (D:6)
  7 adders
  A white imp (D:6)
  4 ufetubi
  3 worms
  3 dart slugs
  16 orcs
  23 endoplasms
  16 giant cockroaches
  4 goblins
  8 hobgoblins
  A jackal (D:4)
  11 quokkas
  17 ball pythons
  6 bats
  9 frilled lizards
  14 kobolds
  4 rats
194 creatures vanquished.

Vanquished Creatures (others)
  4 plants
4 creatures vanquished.

Grand Total: 198 creatures vanquished

Notes
Turn   | Place    | Note
-------+----------+-------------------------------------------
     0 | D:1      | wakim the Merfolk Gladiator began the quest for the Orb.
     0 | D:1      | Reached XP level 1. HP: 16/16 MP: 1/1
   118 | D:1      | Found Kinall's Antique Armour Emporium.
   246 | D:1      | Found Kyus's Antique Armour Boutique.
   254 | D:1      | Reached XP level 2. HP: 23/23 MP: 2/2
   291 | D:1      | Found Qoafoexton's Armour Shop.
   299 | D:1      | Reached skill level 5 in Polearms
   582 | D:1      | Reached skill level 1 in Shields
   602 | D:1      | Reached XP level 3. HP: 28/28 MP: 3/3
  1814 | D:3      | Reached XP level 4. HP: 23/34 MP: 4/4
  1944 | D:3      | Found a runed translucent gate.
  1944 | D:3      | Found a runed translucent gate.
  1948 | D:3      | Noticed TreWolfie's ghost (amateur DrFi)
  2076 | D:3      | Noticed Sigmund
  2593 | D:3      | Killed Sigmund
  2594 | D:3      | Reached skill level 7 in Polearms
  2594 | D:3      | Reached XP level 5. HP: 32/42 MP: 5/5
  2594 | D:3      | Reached XP level 6. HP: 36/48 MP: 6/6
  2925 | D:3      | Found a runed translucent gate.
  3020 | D:3      | Found a hide-covered altar of Uskayaw.
  3419 | D:4      | Found a snail-covered altar of Cheibriados.
  3419 | D:4      | Found a sparkling altar of Nemelex Xobeh.
  3848 | D:4      | Reached skill level 8 in Polearms
  3939 | D:4      | Found a glowing golden altar of the Shining One.
  4084 | D:4      | Reached XP level 7. HP: 28/55 MP: 7/7
  4393 | D:4      | Found a runed translucent door.
  4397 | D:4      | Noticed wineyard's ghost (amateur DECA)
  4818 | D:4      | Became a worshipper of Nemelex Xobeh the Trickster
  4846 | D:5      | Entered Level 5 of the Dungeon
  4879 | D:5      | Noticed Eustachio
  4906 | D:5      | Killed Eustachio
  4907 | D:5      | Reached skill level 9 in Polearms
  5262 | D:4      | Reached skill level 5 in Fighting
  5394 | D:5      | Reached XP level 8. HP: 52/62 MP: 8/8
  5493 | D:5      | Found a glowing drain.
  5519 | D:5      | Reached skill level 10 in Polearms
  5520 | Sewer    | Entered a sewer
  5993 | D:5      | Found a radiant altar of Vehumet.
  6016 | D:5      | Reached skill level 11 in Polearms
  6444 | D:5      | Reached * piety under Nemelex Xobeh
  6854 | D:1      | Bought a spiked scale mail for 216 gold pieces
  6854 | D:1      | Identified the +1 scale mail of Zucveoti {Harm rElec} (You
                  | bought it in a shop on level 1 of the Dungeon)
  7418 | D:6      | Received a gift from Nemelex Xobeh
  7464 | D:4      | Killed wineyard's ghost
  7627 | D:3      | Killed TreWolfie's ghost
  7628 | D:3      | Reached skill level 12 in Polearms
  7721 | D:6      | Found a staircase to the Ecumenical Temple.
  7734 | Temple   | Entered the Ecumenical Temple
  7864 | D:6      | Noticed Duvessa
  7879 | D:6      | Killed Duvessa
  7880 | D:6      | Reached XP level 9. HP: 66/69 MP: 9/9
  7901 | D:6      | Reached skill level 1 in Stealth
  7901 | D:6      | Noticed Dowan
  7910 | D:6      | Killed Dowan
  7911 | D:6      | Reached skill level 1 in Invocations
  7991 | D:6      | Reached skill level 13 in Polearms
  8483 | D:6      | Found a shimmering blue altar of Sif Muna.
  8697 | D:7      | Found a white marble altar of Elyvilon.
  8818 | D:7      | Reached ** piety under Nemelex Xobeh
  9358 | D:7      | Found a stormy altar of Qazlal.
  9431 | D:7      | Received a gift from Nemelex Xobeh
  9474 | D:7      | Found a shimmering altar of Xom.
  9474 | D:7      | Found a burning altar of Makhleb.
  9482 | D:7      | Cast into level 1 of the Abyss (crimson imp)
  9548 | Abyss:1  | Noticed a large abomination
  9596 | Abyss:1  | Noticed an ancient zyme
  9597 | Abyss:1  | Noticed a smoke demon
  9612 | Abyss:1  | Killed from afar by a smoke demon

Illustrated notes

Levels and vault maps discovered:
D:1:      elethiomel_arrival_infinity_welcomes_careful_drivers,
          layout_loops_ring, serial_shops, shop, shop_fountains,
          nicolae_shop_stone, serial_bayou_lagoon_b
D:2:      layout_loops_ring
D:3:      layout_rooms, mainiacjoe_overflow_brackets, gammafunk_ghost_split,
          grunt_decor_junction, uniq_sigmund
D:4:      layout_gridville, mainiacjoe_overflow_catwalk,
          grunt_temple_overflow_open, hellmonk_ghost_happy_afterlife,
          minmay_fractal_squares_diagonal_5
D:5:      layout_loops_ring, nicolae_vehumet_radiance, portal_sewer_entry_f,
          serial_bayou_ford_a, minmay_a_box_with_orc_wizards_in_it,
          uniq_eustachio
D:6:      layout_cave_pools, kennysheep_mini, temple_pool_b, uniq_duvessa
D:7:      layout_rooms, grunt_temple_overflow_champion_of_chaos,
          kennysheep_mini_moat, elyvilon_altar_4, mainiacjoe_overflow_alcove_1,
          nicolae_ru_great_annihilating_truth
Temple:   corrupted_temple
Abyss:1:  base: D:4, evilmike_abyss_exit_kraken

Skill      XL: |  1  2  3  4  5  6  7  8  9 |
---------------+----------------------------+-----
Polearms       | 5 7 8 9 12 13 | 13.6
Shields        | 1 2 3 4 |  4.0
Fighting       | 3 4 5 6 |  6.0
Stealth        | 3 |  3.0
Invocations    | 2 |  2.8
Throwing       | 3 |  3.3
Dodging        | |  4.0

Action                   |  1- 3 |  4- 6 |  7- 9 || total
-------------------------+-------+-------+-------++-------
Melee: Trident           |   112 |   164 |   509 ||   785
       Tailslap          |       |     3 |    12 ||    15
       Unarmed           |       |       |     3 ||     3
Throw: Dart              |       |    13 |    28 ||    41
Invok: Draw Destruction  |       |       |     4 ||     4
  Use: Scroll            |       |       |    15 ||    15
       Potion            |       |       |     1 ||     1
 Stab: Sleeping          |     1 |       |     6 ||     7
Armor: Leather armour    |     8 |       |       ||     8
       Ring mail         |    22 |    43 |    47 ||   112
       Scale mail        |       |       |    43 ||    43
Dodge: Dodged            |    23 |    79 |   184 ||   286
Block: Buckler           |    16 |    52 |   124 ||   192

Table legend: (Time is in decaauts)
 A = Elapsed time spent in this place.
 B = Non-inter-level travel time spent in this place.
 C = Inter-level travel time spent in this place.
 D = Time resting spent in this place.
 E = Time spent auto-exploring this place.
 F = Levels seen in this place.
 G = Mean time per level.
                   A        B        C        D        E       F      G
               +--------+--------+--------+--------+--------+-----+--------+
         Total |   9363 |   8737 |    626 |   1566 |   4896 |  10 |  936.3 |
       Dungeon |   8872 |   8246 |    626 |   1566 |   4706 |   7 | 1267.4 |
        Temple |     15 |     15 |      0 |      0 |      5 |   1 |   15.0 |
         Abyss |     98 |     98 |      0 |      0 |      0 |   1 |   98.0 |
         Sewer |    378 |    378 |      0 |      0 |    184 |   1 |  378.0 |
               +--------+--------+--------+--------+--------+-----+--------+

Top non-repeatable levels by time:
     D:2: 1636 daAuts
     D:4: 1607 daAuts
     D:3: 1510 daAuts
     D:1: 1237 daAuts
     D:5: 1218 daAuts
     D:7: 830 daAuts
     D:6: 830 daAuts
   Sewer: 378 daAuts
 Abyss:1: 98 daAuts
  Temple: 15 daAuts
